 Dungeon Crawl Stone Soup version 0.19-a0-1875-g4fea3da (webtiles) character file.

17723 Charly the Carver (level 12, -2/87 HPs)
             Began as a Demonspawn Gladiator on Oct 13, 2016.
             Was an Elder of Hepliaklqana.
             Slain by Snorg (8 damage)
             ... on level 4 of the Lair of Beasts.
             The game lasted 01:13:17 (11279 turns).

Charly the Carver (Demonspawn Gladiator)           Turns: 11279, Time: 01:13:18

Health: -2/87      AC: 19    Str: 20    XL:     12   Next: 21%
Magic:  21/25      EV: 15    Int: 10    God:    Hepliaklqana [****..]
Gold:   799        SH: 10    Dex: 22    Spells: 0 memorised, 11 levels left

rFire  . . .     SeeInvis .     a - +1 long sword (elec)
rCold  + . .     Gourm    .     q - +0 plate armour
rNeg   . . .     Faith    .     I - +0 shield
rPois  .         Spirit   .     (helmet unavailable)
rElec  .         Dismiss  .     Q - +0 cloak
rCorr  +         Reflect  .     G - +0 pair of gloves
MR     .....     Harm     .     (no boots)
Stlth  ..........               j - amulet of regeneration
                                w - +4 ring of evasion
                                E - ring "Pofiliu" {rCorr MP+9 Str+3}

@: agile
A: reduced essence, horns 3, iridescent scales 2, cold resistance 1, mutation
resistance 1, regeneration 1
a: Recall Ancestor, Ancestor Identity, Transference, Idealise, Renounce Religion


You were on level 4 of the Lair of Beasts.
You worshipped Hepliaklqana.
Hepliaklqana was greatly pleased with you.
You were very hungry.

You visited 3 branches of the dungeon, and saw 18 of its levels.
You also visited: Ossuary.

You collected 799 gold pieces.

Inventory:

Hand Weapons
 a - a +1 long sword of electrocution (weapon)
 b - a +0 falchion of flaming
 p - a +0 blowgun
Missiles
 A - a throwing net (quivered)
 H - 3 curare-tipped needles
Armour
 q - a +0 plate armour (worn)
 G - a +0 pair of gloves (worn)
 I - a +0 shield (worn)
 Q - a +0 cloak (worn)
Jewellery
 f - an uncursed ring of protection from fire
 j - an amulet of regeneration (around neck)
 m - an uncursed ring of protection from magic
 w - a +4 ring of evasion (right hand)
 E - the ring "Pofiliu" (left hand) {rCorr MP+9 Str+3}
   (You took it off a gnoll on level 7 of the Dungeon)

   [ring of resist corrosion]

   It affects your strength (+3).
   It affects your magic capacity (+9).
Wands
 o - a wand of digging (13/24)
 F - a wand of polymorph (0/24)
Scrolls
 h - a scroll of brand weapon
 k - a scroll of fear
 l - a scroll of identify
 r - 3 scrolls of enchant armour
 J - a scroll of magic mapping
 K - a scroll of fog
 O - 2 scrolls of teleportation
 P - a scroll of enchant weapon
Potions
 c - 2 potions of resistance
 d - 3 potions of lignification
 e - 3 potions of heal wounds
 i - 4 potions of flight
 n - a potion of cancellation
 s - a potion of invisibility
 u - 2 potions of might
 v - a potion of haste
 x - 2 potions of agility
 B - a potion of curing
Miscellaneous
 M - a box of beasts
Comestibles
 g - 2 slices of pizza
 t - 2 fruits
 z - 7 meat rations
 D - 8 beef jerkies
 L - 9 bread rations


   Skills:
 + Level 9.8 Fighting
 * Level 13.3 Long Blades
 - Level 1.7 Throwing
 + Level 6.7 Armour
 - Level 3.5 Dodging
 - Level 4.0 Shields
 + Level 6.0 Invocations


You had 11 spell levels left.
You didn't know any spells.

Dungeon Overview and Level Annotations

Branches:
Dungeon (12/15)            Temple (1/1) D:7            Lair (5/6) D:8
  Swamp (0/4) Lair:2        Snake (0/4) Lair:3          Orc (0/2) D:11
  Slime: Lair:5-6

Altars:
Cheibriados
Dithmenos
Gozag
Hepliaklqana
Nemelex Xobeh
Okawaru
Trog
Vehumet
The Shining One

Portals:
Trove: D:11 (give wand of heal wounds (9))

Annotations:
D:3 p0werm0de's ghost, amateur OpEn
D:4 exclusion: downstairs
D:5 exclusion: downstairs, Dowan; Duvessa
D:12 Urug
Lair:1 Gastronok
Lair:4 Snorg


Innate Abilities, Weirdness & Mutations

You have a pair of large horns on your head.
You are mostly covered in iridescent scales. (AC +4)
Your flesh is cold resistant. (rC+)
Your life essence is reduced. (-10% HP)
You are somewhat resistant to further mutation.
Your natural rate of healing is unusually fast.


Message History

Snorg barely misses you.
Bob misses Snorg.
Unknown command.
You slash Snorg!
There is a sudden explosion of sparks!
Your headbutt misses Snorg.
Snorg is almost dead.
Bob loses the glow of perfection.
Snorg bites you.
* * * LOW HITPOINT WARNING * * *
You block Snorg's attack. Snorg misses you.
Bob hits Snorg with a flail!
You barely miss Snorg.
Snorg is almost dead.
Snorg bites you but does no damage. You block Snorg's attack.
Snorg claws you but does no damage. Snorg bites you!
* * * LOW HITPOINT WARNING * * *
Snorg closely misses you. You block Snorg's attack.
Unknown command.
You closely miss Snorg. Your headbutt misses Snorg.
Snorg is almost dead.
Bob hits Snorg with a flail.
You block Snorg's attack. Snorg claws you!
You die...

## ..F...... ###
#.###........
#....#............
#P....<.........
#...........#..
##..#P###...## #.
## ##....# ... #..
#.T..###...[
....####@R.##.....
#..#..##..........
#..D..............
#.................
....#..#..........
#.(..###.........P
#..#####..........
#.....##.........P
##...............PP


You could see the friendly bob the knight and Snorg (berserk).

Vanquished Creatures
  A hill giant (D:11)
  A black mamba (Lair:3)
  2 spiny frogs
  3 komodo dragons
  A troll (D:12)
  A two-headed ogre (D:8)
  A blink frog (Lair:4)
  A slime creature (D:12)
  A shadow (D:11)
  A wyvern (D:10)
  17 yaks
  A steam dragon (D:11)
  2 vampire mosquitoes (D:10)
  5 nagas (Lair:3)
  A mottled dragon (D:11)
  4 insubstantial wisps (Lair:2)
  6 water moccasins
  7 orc warriors
  A phantom (D:6)
  A sky beast (D:9)
  2 black bears
  3 necrophages (D:7)
  A hornet zombie (D:10)
  3 ogres
  4 wolves (Lair:1)
  5 centaurs
  2 crocodiles
  A big kobold (D:11)
  10 bullfrogs
  An elf zombie (Ossuary)
  2 wyvern skeletons
  2 scorpions
  5 killer bees
  3 howler monkeys (D:9)
  9 wights
  5 crimson imps
  A jelly (D:7)
  2 centaur zombies
  A bullfrog skeleton (D:10)
  10 orc wizards
  10 orc priests
  2 hounds
  6 iguanas
  4 worker ants
  4 big kobold zombies (Ossuary)
  2 hound zombies
  2 hound skeletons
  2 mummies
  2 worker ant zombies
  5 adders
  4 gnolls (D:7)
  2 shadow imps
  2 oozes
  2 worms
  A dart slug (D:2)
  5 leopard geckos
  44 orcs
  4 giant cockroaches
  A goblin (D:2)
  A hobgoblin (D:3)
  5 jackals
  A quokka (D:2)
  A ball python (D:6)
  10 bats
  A frilled lizard (D:3)
  3 goblin zombies (Ossuary)
  8 hobgoblin zombies (Ossuary)
  A jackal zombie (Ossuary)
  10 kobolds
  10 kobold zombies (Ossuary)
  A leopard gecko skeleton (D:4)
  5 orc zombies (Ossuary)
  A quokka zombie (D:8)
  7 rats
299 creatures vanquished.

Vanquished Creatures (collateral kills)
  An unseen horror (D:10)
  A black mamba (Lair:4)
  A spiny frog (Lair:2)
  A gargoyle (D:11)
  A polar bear (Lair:3)
  A hornet (D:7)
  2 hippogriffs
  3 yaks
  A basilisk (Lair:3)
  A steam dragon (D:11)
  An insubstantial wisp (Lair:2)
  3 water moccasins
  A porcupine (Lair:1)
  An orc warrior (D:11)
  2 ogres
  A centaur (D:9)
  2 wolves (Lair:1)
  2 bullfrogs
  A scorpion (D:9)
  A killer bee (D:10)
  A wight (D:11)
  A bullfrog zombie (D:9)
  An orc wizard (D:11)
  A worker ant (D:8)
  A mummy (Ossuary)
  A shadow imp (D:11)
  7 orcs
  A jackal (D:10)
  2 kobolds (D:11)
  A goblin zombie (Ossuary)
  A jackal zombie (Ossuary)
  2 kobold zombies (Ossuary)
48 creatures vanquished.

Vanquished Creatures (others)
  2 knights
  3 ancestors
  A kobold (D:3)
  4 fungi
10 creatures vanquished.

Grand Total: 357 creatures vanquished

Notes
Turn   | Place    | Note
-------+----------+-------------------------------------------
     0 | D:1      | Charly the Demonspawn Gladiator began the quest for the Orb.
     0 | D:1      | Reached XP level 1. HP: 16/16 MP: 1/1
   105 | D:1      | Reached skill level 3 in Long Blades
   507 | D:1      | Gained mutation: You have a pair of small horns on your head. [demonic ancestry]
   507 | D:1      | Reached XP level 2. HP: 22/22 MP: 2/2
   583 | D:1      | Found a glowing golden altar of the Shining One.
   768 | D:2      | Found a faded altar of an unknown god.
  1153 | D:2      | Gained mutation: Your flesh is cold resistant. (rC+) [demonic ancestry]
  1153 | D:2      | Reached XP level 3. HP: 27/27 MP: 3/3
  1239 | D:3      | Noticed p0werm0de's ghost (amateur OpEn)
  1592 | D:3      | Reached skill level 4 in Long Blades
  2313 | D:4      | Gained mutation: You are partially covered in iridescent scales. (AC +2) [demonic ancestry]
  2313 | D:4      | Reached XP level 4. HP: 33/33 MP: 4/4
  2339 | D:5      | Entered Level 5 of the Dungeon
  2339 | D:5      | Noticed Duvessa
  2339 | D:5      | Noticed Dowan
  2735 | D:5      | Reached skill level 5 in Long Blades
  2885 | D:6      | Noticed an ogre
  2995 | D:5      | Noticed a centaur
  3005 | D:5      | Killed a centaur
  3005 | D:5      | Reached XP level 5. HP: 24/39 MP: 5/5
  3308 | D:5      | Reached XP level 6. HP: 39/47 MP: 6/6
  3311 | D:5      | Reached skill level 6 in Long Blades
  3890 | D:6      | Gained mutation: You have a pair of horns on your head. [demonic ancestry]
  3890 | D:6      | Reached XP level 7. HP: 26/53 MP: 7/7
  4222 | D:6      | Reached skill level 7 in Long Blades
  4756 | D:6      | Reached skill level 5 in Fighting
  4756 | D:6      | Reached skill level 8 in Long Blades
  4756 | D:6      | Reached XP level 8. HP: 62/62 MP: 8/8
  4915 | D:7      | Reached skill level 1 in Armour
  5767 | D:7      | Noticed a hornet
  5962 | D:7      | Got an ancient glass ring
  5964 | D:7      | Identified the ring "Pofiliu" {rCorr MP+9 Str+3} (You took it off a gnoll on level 7 of the Dungeon)
  6006 | D:7      | Reached skill level 9 in Long Blades
  6124 | D:7      | Reached XP level 9. HP: 68/68 MP: 9/9
  6221 | D:7      | Found a staircase to the Ecumenical Temple.
  6229 | Temple   | Entered the Ecumenical Temple
  6245 | Temple   | Became a worshipper of Hepliaklqana the Forgotten
  6353 | D:8      | Found a sand-covered staircase.
  6358 | Ossuary  | Entered an ossuary
  6811 | D:7      | Reached skill level 10 in Long Blades
  7261 | D:8      | Reached * piety under Hepliaklqana
  7344 | D:8      | Found a staircase to the Lair.
  7458 | D:10     | Entered Level 10 of the Dungeon
  7477 | D:9      | Reached skill level 5 in Armour
  7477 | D:9      | Gained mutation: You have a pair of large horns on your head. [demonic ancestry]
  7477 | D:9      | Reached XP level 10. HP: 71/71 MP: 10/10
  7790 | D:9      | Reached skill level 1 in Shields
  7928 | D:9      | Reached skill level 11 in Long Blades
  8114 | D:9      | Reached ** piety under Hepliaklqana
  8115 | D:9      | Remembered your ancestor bob as a knight
  8331 | D:10     | Killed an unseen horror
  8359 | D:10     | Gained mutation: You are somewhat resistant to further mutation. [potion of beneficial mutation]
  8892 | D:11     | Noticed a hill giant
  8905 | D:11     | Killed a hill giant
  8905 | D:11     | Gained mutation: You are mostly covered in iridescent scales. (AC +4) [demonic ancestry]
  8905 | D:11     | Reached XP level 11. HP: 37/78 MP: 11/11
  9002 | D:12     | Reached skill level 12 in Long Blades
  9034 | D:11     | Reached *** piety under Hepliaklqana
  9187 | D:11     | Identified Vuesin's Disquisition on Calling and Air
  9241 | D:11     | Found a portal to a secret trove of treasure.
  9301 | D:11     | Reached skill level 1 in Invocations
  9419 | D:11     | Found a staircase to the Orcish Mines.
  9465 | D:12     | Noticed a hill giant
  9469 | D:12     | Noticed Urug
  9555 | Lair:1   | Entered Level 1 of the Lair of Beasts
  9712 | Lair:1   | Gained mutation: Your natural rate of healing is unusually fast. [potion of mutation]
  9738 | Lair:1   | Noticed Gastronok
  9809 | Lair:2   | Found a staircase to the Swamp.
 10050 | Lair:3   | Reached **** piety under Hepliaklqana
 10417 | Lair:3   | Reached ***** piety under Hepliaklqana
 10525 | Lair:3   | Reached skill level 13 in Long Blades
 10525 | Lair:3   | Reached skill level 5 in Invocations
 10687 | Lair:3   | Reached XP level 12. HP: 86/86 MP: 15/15
 10804 | Lair:3   | Found a staircase to the Snake Pit.
 10918 | Lair:4   | Noticed a six-headed hydra
 10924 | Lair:4   | Noticed Snorg
 11002 | Lair:4   | Noticed a four-headed hydra
 11131 | Lair:4   | Noticed a seven-headed hydra
 11279 | Lair:4   | Slain by Snorg

Vault maps used:
D:1:      arrival_zaba_pyramid, tso_metal_star
D:2:      first_bread, ecumenical_altar_1, minmay_pentomino_t4
D:3:      kennysheep_goblin_castle, uniq_iyjb
D:4:      hex_large, grunt_decor_arrowhead
D:5:      wad_lake_hut, uniq_duvessa, uniq_crazy_yiuf_cottage
D:7:      serial_undead, serial_undead_f, serial_undead_c, serial_undead_c,
          serial_undead_f
D:8:      due_lair_maze_entry_diamond, enter_ossuary_5, grunt_ogre_cave
D:11:     david_orc_4, nicolae_trove_entry_free_sample, water_boxes_lemuel
D:12:     minmay_coctagon, uniq_urug
Temple:   regret_index_temple_sigil_plot
Lair:1:   lemuel_oklob_altar, uniq_gastronok
Lair:2:   minmay_swamp_entry_wisps, bh_autumn_forest_stairs,
          serial_bayou_shore_a, serial_bayou_shore_b, lemuel_fruit_fields
Lair:3:   minmay_snake_entry_guardpost_large
Lair:4:   serial_forest, infiniplex_forest_end_2, infiniplex_forest_clump_cross,
          infiniplex_forest_lined_corner, infiniplex_forest_join,
          infiniplex_forest_clump_double, infiniplex_forest_straight_2,
          uniq_snorg, uniq_josephine
Lair:5:   beast_lair_carwin_10
Ossuary:  ossuary_tomb_1

Skill      XL: |  1  2  3  4  5  6  7  8  9 10 11 12 |
---------------+-------------------------------------+-----
Long Blades    | 3 4 5 6 8 9 10 11 13 | 13.3
Fighting       | 3 5 6 7 8 9 |  9.8
Armour         | 3 5 6 |  6.7
Dodging        | 3 |  3.5
Shields        | 3 4 |  4.0
Invocations    | 5 6 |  6.0
Throwing       | |  1.7

Action                   |  1- 3 |  4- 6 |  7- 9 | 10-12 || total
-------------------------+-------+-------+-------+-------++-------
Melee: Long sword        |    84 |    81 |   409 |   468 ||  1042
       Headbutt          |    10 |    18 |   124 |   103 ||   255
 Fire: Blowgun           |     5 |    13 |    10 |     1 ||    29
Throw: Throwing net      |     4 |     2 |     1 |       ||     7
Invok: Recall Ancestor   |       |       |       |    12 ||    12
       Ancestor Life: Kn |       |       |       |     1 ||     1
       Ancestor Identity |       |       |       |     1 ||     1
       Transference      |       |       |       |     5 ||     5
       Idealise          |       |       |       |     1 ||     1
Evoke: Wand              |       |       |     3 |     6 ||     9
  Use: Scroll            |     1 |     1 |    17 |    10 ||    29
       Potion            |       |     1 |     3 |     5 ||     9
 Stab: Held in net/web   |     1 |       |     1 |       ||     2
       Sleeping          |       |     1 |       |       ||     1
       Distracted        |       |       |       |     1 ||     1
  Eat: Chunk             |     4 |     5 |    13 |    11 ||    33
Armor: Leather armour    |     9 |       |       |       ||     9
       Ring mail         |     8 |    10 |       |       ||    18
       Scale mail        |       |     5 |   104 |       ||   109
       Plate armour      |       |       |    15 |   173 ||   188
Dodge: Dodged            |    54 |    55 |   247 |   118 ||   474
Block: Shield            |       |       |       |   168 ||   168
       Rpst.: Long sword |    20 |    15 |    84 |    29 ||   148
